 Dungeon Crawl Stone Soup version 0.23-a0-819-g6debee6 (webtiles) character file.

29 Fliddo the Caller (level 3, 0/19 HPs)
             Began as a Kobold Summoner on Jan 22, 2019.
             Was a Follower of Nemelex Xobeh.
             Slain by an adder (1 damage)
             ... on level 2 of the Dungeon.
             The game lasted 00:20:21 (1768 turns).

Fliddo the Caller (Kobold Summoner)                 Turns: 1768, Time: 00:20:21

Health: 0/19       AC:  3    Str:  5    XL:     3   Next: 32%
Magic:  5/7        EV: 14    Int: 17    God:    Nemelex Xobeh [*.....]
Gold:   93         SH:  0    Dex: 15    Spells: 5/8 levels left

rFire    . . .     SeeInvis .   h - -1 whip (curse)
rCold    . . .     Gourm    .   (shield restricted)
rNeg     . . .     Faith    .   g - +0 leather armour
rPois    .         Spirit   .   (no helmet)
rElec    .         Reflect  .   (no cloak)
rCorr    .         Harm     .   (no gloves)
MR       .....                  (no boots)
Stlth    ++........             (no amulet)
HPRegen  0.06/turn              (no ring)
MPRegen  0.10/turn              (no ring)

@: lethally poisoned (0 -> -9)
A: small, carnivore
a: Draw Escape, Draw Destruction, Draw Summoning, Renounce Religion


You were on level 2 of the Dungeon.
You worshipped Nemelex Xobeh.
Nemelex Xobeh was aware of your devotion.
You were completely stuffed.

You visited 1 branch of the dungeon, and saw 2 of its levels.

You collected 93 gold pieces.

Inventory:

Hand Weapons
 d - a +0 dagger
 h - a cursed -1 whip (weapon)
 i - a +0 short sword
Armour
 g - a +0 leather armour (worn)
Jewellery
 e - a cursed ring of fire {unknown}
Scrolls
 l - 2 scrolls of magic mapping
Potions
 a - a potion of flight {unknown}
 b - a potion of agility {unknown}
 f - 2 potions of might {unknown}
 j - a potion of curing {unknown}
 k - a potion of cancellation {unknown}
 n - a potion of invisibility {unknown}
Comestibles
 c - 6 rations
 m - 7 chunks of flesh


   Skills:
 - Level 2.4 Dodging
 - Level 2.6 Stealth
 + Level 3.0 Spellcasting
 + Level 4.5 Summonings


You had 5 spell levels left.
You knew the following spells:

 Your Spells              Type           Power        Failure   Level  Hunger
a - Summon Small Mammal   Summ           ###.         4%          1    None
b - Call Imp              Summ           ###.....     7%          2    ##.....

Your spell library contained the following spells:

 Spells                   Type           Power        Failure   Level  Hunger
 Call Canine Familiar     Summ           ###.....     14%         3    ###....
 Summon Guardian Golem    Hex/Summ       ##......     34%         3    ###....
 Summon Ice Beast         Ice/Summ       ##......     75%         4    ####...
 Summon Lightning Spire   Summ/Air       ##......     75%         4    ####...


Dungeon Overview and Level Annotations

Branches:
Dungeon (2/15)

Altars:
Nemelex Xobeh


Innate Abilities, Weirdness & Mutations

You are small and have problems with some larger weapons.
You are carnivorous and can eat meat at any time.


Message History

Casting: Summon Small Mammal (safe; 4% risk of failure)
Confirm with . or Enter, or press ? or * to list all spells.
A beastly little devil appears in a puff of flame.
The adder bites you.
* * * LOW HITPOINT WARNING * * *
You closely miss the adder.
The adder is moderately wounded.
The adder bites you.
* * * LOW HITPOINT WARNING * * *
You are more poisoned.
The adder poisons you!
Your crimson imp blinks!
* * * LOW HITPOINT WARNING * * *
You feel sick.
You miss the adder.
The adder is moderately wounded.
* * * LOW HITPOINT WARNING * * *
You feel sick. The adder bites you.
You die...
Your body glows slightly and disappears.

#.# #.### ####### ##=#[# #
......# #... .#. ......#
#.)###.# # ......#
#...#..### .#
......#####..###@#†#..#
.................S....#
......########.##.....#
......# ####.######.5...
......# ##.....##........
......# ##................
.......##.................
........#.................
.......................


You could see an adder and a friendly crimson imp.

Vanquished Creatures
  2 goblins
  A hobgoblin (D:1)
  A jackal (D:2)
  3 kobolds
  A quokka (D:2)
  A bat (D:1)
  2 rats (D:2)
11 creatures vanquished.

Vanquished Creatures (collateral kills)
  A dart slug (D:2)
  2 leopard geckos
  2 bats (D:2)
  2 goblins
  2 hobgoblins
  2 jackals (D:2)
  4 kobolds (D:2)
  7 rats
22 creatures vanquished.

Grand Total: 33 creatures vanquished

Notes
Turn   | Place    | Note
-------+----------+-------------------------------------------
     0 | D:1      | Fliddo the Kobold Summoner began the quest for the Orb.
     0 | D:1      | Reached XP level 1. HP: 10/10 MP: 3/3
   706 | D:1      | Found a sparkling altar of Nemelex Xobeh.
   711 | D:1      | Became a worshipper of Nemelex Xobeh the Trickster
   742 | D:1      | Received a gift from Nemelex Xobeh
   779 | D:1      | Reached XP level 2. HP: 8/15 MP: 3/5
   786 | D:1      | Learned a level 2 spell: Call Imp
  1506 | D:2      | Reached * piety under Nemelex Xobeh
  1562 | D:2      | Reached XP level 3. HP: 19/19 MP: 2/7
  1614 | D:2      | Received a gift from Nemelex Xobeh
  1768 | D:2      | Slain by an adder

Vault maps used:
D:1:      minmay_arrival_jagged, chequers_serial_rivers_micro_a,
          nemelex_xobeh_ov_fountains_minmay
D:2:      minmay_heptomino_h4

Skill      XL: |  1  2  3 |
---------------+----------+-----
Spellcasting   | 3 |  3.0
Dodging        | |  2.4
Stealth        | |  2.6
Summonings     | |  4.5

Action                   || total
-------------------------++-------
Melee: Unarmed           ||    11
       Whip              ||    54
 Cast: Summon Small Mamm ||    15
       Call Imp          ||    13
  Use: Scroll            ||     4
  Eat: Chunk             ||    12
Armor: Leather armour    ||    12
Dodge: Dodged            ||    56

Table legend:
 A = Non-vault XP
 B = Vault XP
 C = Vault XP percentage of total XP
 D = Non-vault monster count
 E = Vault monster count
 F = Vault count percentage of total count
                 A         B        C        D         E       F
            +---------+---------+-------+---------+---------+-------
      Total |      39 |       3 |   7.1 |      31 |       2 |   6.1
            +---------+---------+-------+---------+---------+-------
        D:1 |      13 |       0 |   0.0 |       9 |       0 |   0.0
        D:2 |      26 |       3 |  10.3 |      22 |       2 |   8.3
            +---------+---------+-------+---------+---------+-------
